 Dungeon Crawl Stone Soup version 0.31.0-12-g77e489cdc1 (webtiles) character file.

Game seed: 3059613217793132324

30 Silvore the Trooper (level 3, -1/29 HPs)
             Began as a Demonspawn Fighter on Feb 12, 2024.
             Slain by a goblin
             ... wielding a +0 dagger
              (3 damage)
             ... on level 3 of the Dungeon.
             The game lasted 00:02:14 (951 turns).

Silvore the Trooper (Demonspawn Fighter)             Turns: 951, Time: 00:02:14

Health: -1/29      AC: 15    Str: 18    XL:     3   Next: 5%
Magic:  3/3        EV:  2    Int:  8    God:
Gold:   36         SH:  4    Dex: 12    Spells: 2/2 levels left

rFire   . . .        a - +1 long sword
rCold   . . .        c - +0 buckler
rNeg    . . .        e - +0 plate armour
rPois   .            h - +2 helmet
rElec   .            (no cloak)
rCorr   +            (no gloves)
SInv    .            p - +0 pair of boots
Will    .....        (no amulet) Stlth
                     n - ring of resist corrosion
HPRegen 0.24/turn    (no ring)
MPRegen 0.08/turn

%: no passive effects
@: constricted
A: claws 1, foul stench 1
a: no special abilities


You were on level 3 of the Dungeon.
You visited 1 branch of the dungeon, and saw 3 of its levels.

You collected 36 gold pieces.

Inventory:

Hand Weapons
 a - a +1 long sword (weapon)
Armour
 b - a +0 scale mail
 c - a +0 buckler (worn)
 e - a +0 plate armour (worn)
 h - a +2 helmet (worn)
 p - a +0 pair of boots (worn)
Jewellery
 n - a ring of resist corrosion (left claw)
Potions
 d - 2 potions of might
 g - a potion of heal wounds
 j - 2 potions of mutation {unknown}
 k - a potion of attraction {unknown}
 l - a potion of haste {unknown}
 q - a potion of magic {unknown}


   Skills:
 + Level 3.3 Fighting
 + Level 2.1 Long Blades
 + Level 3.0 Armour
 + Level 0.2 Dodging
 + Level 3.0 Shields


You had 2 spell levels left.
You didn't know any spells.
Your spell library was empty.

Dungeon Overview and Level Annotations

Branches:
Dungeon (3/15)

Altars:

Shops:
D:1 [


Innate Abilities, Weirdness & Mutations

You have sharp fingernails.
You may rarely emit foul miasma when damaged in melee.


Message History

The goblin hits you but does no damage.
The ball python bites you but does no damage.
The ball python constricts you. The goblin hits you but does no damage.
The hobgoblin hits you. The ball python barely misses you.
The ball python constricts you. You block the goblin's attack.
The hobgoblin hits you but does no damage.
You block the ball python's attack. The ball python constricts you.
The goblin hits you but does no damage.
The hobgoblin hits you but does no damage.
The ball python bites you. The ball python constricts you.
The ball python bites you but does no damage.
The ball python constricts you. The goblin hits you with a +0 dagger.
* * * LOW HITPOINT WARNING * * *
The hobgoblin hits you.
* * * LOW HITPOINT WARNING * * *
You block the ball python's attack. The ball python constricts you.
The goblin hits you with a +0 dagger.
* * * LOW HITPOINT WARNING * * *
The hobgoblin hits you but does no damage.
The ball python bites you but does no damage.
The ball python constricts you. You block the goblin's attack.
The hobgoblin hits you but does no damage.
The ball python bites you but does no damage.
The ball python constricts you. The goblin hits you but does no damage.
The hobgoblin hits you but does no damage.
The ball python bites you but does no damage.
The ball python constricts you.
The hobgoblin hits you but does no damage.
You block the goblin's attack. The ball python completely misses you.
The ball python constricts you. You block the ball python's attack.
The ball python constricts you. The hobgoblin hits you.
* * * LOW HITPOINT WARNING * * *
The goblin hits you but does no damage.
The ball python bites you but does no damage.
The ball python constricts you. The hobgoblin hits you.
* * * LOW HITPOINT WARNING * * *
The goblin hits you with a +0 dagger.
You die...

#.....<.###..#
######### #..#
#..# #..# ##
#..######
....###.......#
....g....####.#
###.###gS#
>.....[g@#
.##.####.......#
###.###.# .# #


You could see a hobgoblin, a goblin and a ball python.

Vanquished Creatures
  5 bats
  2 endoplasms (D:1)
  2 giant cockroaches (D:2)
  3 goblins
  A hobgoblin (D:1)
  6 kobolds
  2 quokkas (D:1)
  3 ball pythons (D:1)
  3 frilled lizards (D:1)
  2 rats (D:1)
29 creatures vanquished.

Notes
Turn   | Place    | Note
-------+----------+-------------------------------------------
     0 | D:1      | Silvore the Demonspawn Fighter began the quest for the Orb.
     0 | D:1      | Reached XP level 1. HP: 18/18 MP: 1/1
   211 | D:1      | Gained mutation: You may rarely emit foul miasma when
                  | damaged in melee. [demonic ancestry]
   211 | D:1      | Reached XP level 2. HP: 24/24 MP: 2/2
   437 | D:1      | Found a faded altar of an unknown god.
   477 | D:1      | Found Igotz's Antique Armour Shoppe.
   840 | D:2      | Gained mutation: You have sharp fingernails. [demonic
                  | ancestry]
   840 | D:2      | Reached XP level 3. HP: 29/29 MP: 3/3
   951 | D:3      | Slain by a goblin

Illustrated notes

Levels and vault maps discovered:
D:1:      elethiomel_arrival_shortcut, layout_loops_cross,
          hellmonk_ecumenical_altar_heavens_door, serial_shops,
          nicolae_shop_crystal
D:2:      layout_loops_ring, serial_forest, infiniplex_forest_lined_2,
          infiniplex_forest_end_1, infiniplex_forest_clump_curved,
          infiniplex_forest_zigzag_1, infiniplex_forest_side_room,
          infiniplex_forest_lined_3, infiniplex_forest_straight_1, basic_altar,
          uniq_crazy_yiuf_cottage
D:3:      layout_loops_cross, lemuel_round_altar, uniq_grinder, uniq_natasha

Skill      XL: |  1  2 |
---------------+-------+-----
Armour         | 3 |  3.0
Shields        | 3 |  3.0
Long Blades    | 2 |  2.1
Fighting       | |  3.3
Dodging        | |  0.2

Action                     || total
---------------------------++-------
  Melee: Long sword        ||    73
    Use: Scroll            ||     5
 Armour: Skin              ||    12
         Scale mail        ||    10
         Plate armour      ||   164
  Dodge: Dodged            ||    40
  Block: Buckler           ||    52
